| TOP OF THE 1ST |
|
Corpus Christi Hooks batting - Pitching for Akron RubberDucks : RHP Yuri Bijleveld
|
|
Pitching: RHP Yuri Bijleveld
|
|
|
Batting: RHB Ben Hoffman
|
0-0: Foul Ball, location: 2F 0-1: Ball 1-1: Ball 2-1: Ground out 4-3 (Groundball, 4, EV 95.0 MPH)
|
|
Batting: LHB Bob Dietz
|
0-0: Foul Ball, location: 2F 0-1: Ball 1-1: Ball 2-1: Ground out 6-3 (Groundball, 4M, EV 98.1 MPH)
|
|
Batting: LHB Angelo Vasquez
|
0-0: Ball 1-0: Ball 2-0: Foul Ball, location: 2F 2-1: Ball 3-1: Base on Balls
|
|
Batting: RHB Sam Spohn
|
0-0: Called Strike 0-1: Fly out, F4 (Popup, 4, EV 70.6 MPH)
|
| Top of the 1st over - 0 runs, 0 hits, 0 errors, 1 left on base; Corpus Christi 0 - Akron 0 |
| BOTTOM OF THE 1ST |
|
Akron RubberDucks batting - Pitching for Corpus Christi Hooks : RHP Michael Bruce
|
|
Pitching: RHP Michael Bruce
|
|
|
Batting: RHB Kaoru Toda
|
0-0: Swinging Strike 0-1: Foul Ball, location: 2F 0-2: Ground out 5-3 (Groundball, 56, EV 94.4 MPH)
|
|
Batting: LHB Kazuyoshi Nakamura
|
0-0: Swinging Strike 0-1: Swinging Strike 0-2: Strikes out swinging
|
|
Batting: LHB Nick Welling
|
0-0: Ball 1-0: Ball 2-0: Called Strike 2-1: Ball 3-1: DOUBLE (Flyball, 8LXD, EV 97.5 MPH)
|
|
Batting: SHB Valentin Laporte
|
0-0: Ball 1-0: Foul Ball, location: 2F 1-1: Ball 2-1: Ground out 5-3 (Groundball, 56, EV 84.4 MPH)
|
| Bottom of the 1st over - 0 runs, 1 hit, 0 errors, 1 left on base; Corpus Christi 0 - Akron 0 |
| TOP OF THE 2ND |
|
Corpus Christi Hooks batting - Pitching for Akron RubberDucks : RHP Yuri Bijleveld
|
|
Batting: LHB Josh Corkery
|
0-0: Foul Ball, location: 2F 0-1: Swinging Strike 0-2: Ground out 3-1 (Groundball, 34, EV 82.5 MPH)
|
|
Batting: RHB Edgar Trejo
|
0-0: Foul Ball, location: 2F 0-1: Ball 1-1: Swinging Strike 1-2: DOUBLE (Flyball, 8RXD, EV 93.1 MPH)
|
|
Batting: RHB Workneh Lagat
|
0-0: Ground out 4-3 (Groundball, 4, EV 108.8 MPH) Edgar Trejo to third
|
|
Batting: RHB Masaru Konno
|
0-0: Ball 1-0: Ground out 1-3 (Groundball, 13S, EV 67.5 MPH)
|
| Top of the 2nd over - 0 runs, 1 hit, 0 errors, 1 left on base; Corpus Christi 0 - Akron 0 |
| BOTTOM OF THE 2ND |
|
Akron RubberDucks batting - Pitching for Corpus Christi Hooks : RHP Michael Bruce
|
|
Batting: RHB Justin Lauderdale
|
0-0: Called Strike 0-1: Ball 1-1: Ball 2-1: Ball 3-1: Base on Balls
|
|
Batting: LHB Esteban Cordova
|
0-0: Called Strike 0-1: Swinging Strike 0-2: Foul Ball, location: 2F 0-2: Strikes out swinging
|
|
Batting: RHB Charles Marcel
|
0-0: Ball Justin Lauderdale is caught stealing 2nd base 2-4 1-0: Ball 2-0: Swinging Strike 2-1: Swinging Strike 2-2: Ball 3-2: Base on Balls
|
|
Batting: LHB Frank Hill
|
0-0: Called Strike 0-1: Ground out U3 (Groundball, 3L, EV 105.0 MPH)
|
| Bottom of the 2nd over - 0 runs, 0 hits, 0 errors, 1 left on base; Corpus Christi 0 - Akron 0 |
| TOP OF THE 3RD |
|
Corpus Christi Hooks batting - Pitching for Akron RubberDucks : RHP Yuri Bijleveld
|
|
Batting: RHB Ben Minge
|
0-0: Ball 1-0: Fly out, F8 (Line Drive, 8LD, EV 98.1 MPH)
|
|
Batting: RHB Ben Hoffman
|
0-0: Ball 1-0: Ground out 6-3 (Groundball, 6, EV 94.4 MPH)
|
|
Batting: LHB Bob Dietz
|
0-0: Ground out 6-3 (Groundball, 56, EV 83.8 MPH)
|
| Top of the 3rd over - 0 runs, 0 hits, 0 errors, 0 left on base; Corpus Christi 0 - Akron 0 |
| BOTTOM OF THE 3RD |
|
Akron RubberDucks batting - Pitching for Corpus Christi Hooks : RHP Michael Bruce
|
|
Batting: SHB Javon Mitchell
|
0-0: Called Strike 0-1: Foul Ball, location: 2F 0-2: Foul Ball, location: 2F 0-2: Strikes out swinging
|
|
Batting: RHB Kaoru Toda
|
0-0: Ball 1-0: Called Strike 1-1: Fly out, F4 (Popup, 23, EV 88.1 MPH)
|
|
Batting: LHB Kazuyoshi Nakamura
|
0-0: Ball 1-0: Called Strike 1-1: Ground out 6-3 (Groundball, 56, EV 91.9 MPH)
|
| Bottom of the 3rd over - 0 runs, 0 hits, 0 errors, 0 left on base; Corpus Christi 0 - Akron 0 |
| TOP OF THE 4TH |
|
Corpus Christi Hooks batting - Pitching for Akron RubberDucks : RHP Yuri Bijleveld
|
|
Batting: LHB Angelo Vasquez
|
0-0: Ball 1-0: Ball 2-0: Foul Ball, location: 2F 2-1: SINGLE (Line Drive, 4MD, EV 100.0 MPH)
|
|
Batting: RHB Sam Spohn
|
0-0: Ball 1-0: Ball 2-0: Ball 3-0: Swinging Strike 3-1: Fly out, F6 (Popup, 5D, EV 70.6 MPH)
|
|
Batting: LHB Josh Corkery
|
0-0: Called Strike 0-1: Foul Ball, location: 2F 0-2: Strikes out looking
|
|
Batting: RHB Edgar Trejo
|
0-0: Swinging Strike 0-1: Ball 1-1: SINGLE (Line Drive, 6D, EV 100.0 MPH) Angelo Vasquez to second Runner from 2nd tries for 3rd, OUT! 8-5
|
| Top of the 4th over - 0 runs, 2 hits, 0 errors, 1 left on base; Corpus Christi 0 - Akron 0 |
| BOTTOM OF THE 4TH |
|
Akron RubberDucks batting - Pitching for Corpus Christi Hooks : RHP Michael Bruce
|
|
Batting: LHB Nick Welling
|
0-0: Foul Ball, location: 2F 0-1: Swinging Strike 0-2: Foul Ball, location: 2F 0-2: Ball 1-2: Ball 2-2: Ball 3-2: Fly out, F6 (Popup, 6MD, EV 57.5 MPH)
|
|
Batting: SHB Valentin Laporte
|
0-0: Ground out 5-3 (Groundball, 5, EV 81.9 MPH)
|
|
Batting: RHB Justin Lauderdale
|
0-0: Called Strike 0-1: Swinging Strike 0-2: Ball 1-2: Ball 2-2: Foul Ball, location: 2F 2-2: Ball 3-2: Ground out 6-3 (Groundball, 6, EV 86.2 MPH)
|
| Bottom of the 4th over - 0 runs, 0 hits, 0 errors, 0 left on base; Corpus Christi 0 - Akron 0 |
| TOP OF THE 5TH |
|
Corpus Christi Hooks batting - Pitching for Akron RubberDucks : RHP Yuri Bijleveld
|
|
Batting: RHB Workneh Lagat
|
0-0: Ball 1-0: Ground out 5-3 (Groundball, 56S, EV 90.0 MPH)
|
|
Batting: RHB Masaru Konno
|
0-0: Ball 1-0: DOUBLE (Flyball, 8RXD, EV 93.8 MPH)
|
|
Batting: RHB Ben Minge
|
0-0: Foul Ball, location: 2F 0-1: Ball Masaru Konno is caught stealing 3rd base 2-5 1-1: Called Strike 1-2: Foul Ball, location: 2F 1-2: SINGLE (Groundball, 56D, EV 103.1 MPH)
|
|
Batting: RHB Ben Hoffman
|
0-0: Called Strike 0-1: Called Strike 0-2: Ball Wild Pitch! Ben Minge to second 1-2: Fly out, F7 (Flyball, 7D, EV 91.9 MPH)
|
| Top of the 5th over - 0 runs, 2 hits, 0 errors, 1 left on base; Corpus Christi 0 - Akron 0 |
| BOTTOM OF THE 5TH |
|
Akron RubberDucks batting - Pitching for Corpus Christi Hooks : RHP Michael Bruce
|
|
Batting: LHB Esteban Cordova
|
0-0: Ball 1-0: Foul Ball, location: 2F 1-1: Foul Ball, location: 2F 1-2: Strikes out swinging
|
|
Batting: RHB Charles Marcel
|
0-0: Called Strike 0-1: Ball 1-1: Ball 2-1: Ground out 6-3 (Groundball, 6, EV 89.4 MPH)
|
|
Batting: LHB Frank Hill
|
0-0: Called Strike 0-1: Ball 1-1: Ball 2-1: Ball 3-1: Base on Balls
|
|
Batting: SHB Javon Mitchell
|
0-0: Called Strike 0-1: Ground out U3 (Groundball, 3S, EV 67.5 MPH)
|
| Bottom of the 5th over - 0 runs, 0 hits, 0 errors, 1 left on base; Corpus Christi 0 - Akron 0 |
| TOP OF THE 6TH |
|
Corpus Christi Hooks batting - Pitching for Akron RubberDucks : RHP Yuri Bijleveld
|
|
Batting: LHB Bob Dietz
|
0-0: Foul Ball, location: 2F 0-1: Called Strike 0-2: Ground out 6-3 (Groundball, 6S, EV 86.2 MPH)
|
|
Batting: LHB Angelo Vasquez
|
0-0: Ball 1-0: Ground out 4-3 (Groundball, 4, EV 106.9 MPH)
|
|
Batting: RHB Sam Spohn
|
0-0: Ball 1-0: Called Strike 1-1: Fly out, F8 (Flyball, 8RXD, EV 99.4 MPH)
|
| Top of the 6th over - 0 runs, 0 hits, 0 errors, 0 left on base; Corpus Christi 0 - Akron 0 |
| BOTTOM OF THE 6TH |
|
Akron RubberDucks batting - Pitching for Corpus Christi Hooks : RHP Michael Bruce
|
|
Batting: RHB Kaoru Toda
|
0-0: Ball 1-0: Foul Ball, location: 2F 1-1: Fly out, F5 (Line Drive, 5L, EV 70.6 MPH)
|
|
Batting: LHB Kazuyoshi Nakamura
|
0-0: Foul Ball, location: 2F 0-1: Fly out, F7 (Flyball, 7S, EV 78.8 MPH)
|
|
Batting: LHB Nick Welling
|
0-0: Called Strike 0-1: Ball 1-1: Foul Ball, location: 2F 1-2: Foul Ball, location: 2F 1-2: Ball 2-2: Foul Ball, location: 2F 2-2: Strikes out looking
|
| Bottom of the 6th over - 0 runs, 0 hits, 0 errors, 0 left on base; Corpus Christi 0 - Akron 0 |
| TOP OF THE 7TH |
|
Corpus Christi Hooks batting - Pitching for Akron RubberDucks : RHP Yuri Bijleveld
|
|
Batting: LHB Josh Corkery
|
0-0: Ball 1-0: Swinging Strike 1-1: Swinging Strike 1-2: Foul Ball, location: 2F 1-2: Ball 2-2: Foul Ball, location: 2F 2-2: Ball 3-2: DOUBLE (Flyball, 78D, EV 101.2 MPH)
|
|
Pinch Hitting: LHB Chris Cabrera
|
0-0: Intentional Walk
|
|
Pinch Hitting: LHB Josh Birkner
|
0-0: Ball 1-0: Swinging Strike 1-1: Ball 2-1: Called Strike 2-2: Ball 3-2: Fly out, F8 (Flyball, 8RS, EV 87.5 MPH)
|
|
Pinch Hitting: LHB Mitchell Casey
|
0-0: Ball 1-0: Called Strike 1-1: Ball 2-1: Ball 3-1: Foul Ball, location: 2F 3-2: Foul Ball, location: 2F 3-2: Grounds into double play, 6-4-3 (Groundball, 6, EV 93.1 MPH)
|
| Top of the 7th over - 0 runs, 1 hit, 0 errors, 1 left on base; Corpus Christi 0 - Akron 0 |
| BOTTOM OF THE 7TH |
|
Akron RubberDucks batting - Pitching for Corpus Christi Hooks : RHP Michael Bruce
|
|
Now at 2B: Derek Moran
|
|
|
Now at 3B: Joel Vazquez
|
|
|
Now in RF: John Wagner
|
|
|
Batting: SHB Valentin Laporte
|
0-0: Called Strike 0-1: Ball 1-1: Called Strike 1-2: Fly out, F6 (Popup, 6MS, EV 76.9 MPH)
|
|
Batting: RHB Justin Lauderdale
|
0-0: Ball 1-0: Fly out, F3 (Popup, 3SF, EV 81.2 MPH)
|
|
Batting: LHB Esteban Cordova
|
0-0: Ball 1-0: Called Strike 1-1: Ball 2-1: Called Strike 2-2: Ball 3-2: Strikes out swinging
|
| Bottom of the 7th over - 0 runs, 0 hits, 0 errors, 0 left on base; Corpus Christi 0 - Akron 0 |
| TOP OF THE 8TH |
|
Corpus Christi Hooks batting - Pitching for Akron RubberDucks : RHP Yuri Bijleveld
|
|
Batting: RHB Ben Minge
|
0-0: Called Strike 0-1: Ball 1-1: Called Strike 1-2: Strikes out swinging
|
|
Batting: RHB Ben Hoffman
|
0-0: Called Strike 0-1: Ball 1-1: Foul Ball, location: 2F 1-2: Strikes out swinging
|
|
Batting: LHB Bob Dietz
|
0-0: Ground out 6-3 (Groundball, 6M, EV 81.2 MPH)
|
| Top of the 8th over - 0 runs, 0 hits, 0 errors, 0 left on base; Corpus Christi 0 - Akron 0 |
| BOTTOM OF THE 8TH |
|
Akron RubberDucks batting - Pitching for Corpus Christi Hooks : RHP Michael Bruce
|
|
Batting: RHB Charles Marcel
|
0-0: Ball 1-0: Swinging Strike 1-1: Foul Ball, location: 2F 1-2: Foul Ball, location: 2F 1-2: Ground out 5-3 (Groundball, 5S, EV 65.0 MPH)
|
|
Batting: LHB Frank Hill
|
0-0: Ball 1-0: Foul Ball, location: 2F 1-1: Called Strike 1-2: Foul Ball, location: 2F 1-2: Strikes out swinging
|
|
Batting: SHB Javon Mitchell
|
0-0: Ball 1-0: Foul Ball, location: 2F 1-1: Foul Ball, location: 2F 1-2: Foul Ball, location: 2F 1-2: Strikes out swinging
|
| Bottom of the 8th over - 0 runs, 0 hits, 0 errors, 0 left on base; Corpus Christi 0 - Akron 0 |
| TOP OF THE 9TH |
|
Corpus Christi Hooks batting - Pitching for Akron RubberDucks : RHP Yuri Bijleveld
|
|
Batting: LHB Angelo Vasquez
|
0-0: Called Strike 0-1: Ground out 4-3 (Groundball, 4, EV 106.2 MPH)
|
|
Batting: RHB Sam Spohn
|
0-0: Ball 1-0: Ground out 4-3 (Groundball, 4S, EV 85.6 MPH)
|
|
Batting: LHB Josh Corkery
|
0-0: Ball 1-0: Ball 2-0: Ball 3-0: Called Strike 3-1: Base on Balls
|
|
Pitching: RHP Juan Flores
|
|
|
Batting: LHB John Wagner
|
0-0: Called Strike Josh Corkery steals 2nd base 0-1: Swinging Strike 0-2: Strikes out swinging
|
| Top of the 9th over - 0 runs, 0 hits, 0 errors, 1 left on base; Corpus Christi 0 - Akron 0 |
| BOTTOM OF THE 9TH |
|
Akron RubberDucks batting - Pitching for Corpus Christi Hooks : RHP Michael Bruce
|
|
Pitching: RHP Mike Wirick
|
|
|
Batting: LHB Hirakito Herring
|
0-0: Fly out, F8 (Flyball, 8LS, EV 94.4 MPH)
|
|
Batting: LHB Kazuyoshi Nakamura
|
0-0: Called Strike 0-1: Called Strike 0-2: Ball 1-2: Foul Ball, location: 2F 1-2: Ball 2-2: Foul Ball, location: 2F 2-2: Strikes out swinging
|
|
Batting: LHB Nick Welling
|
0-0: Ball 1-0: Foul Ball, location: 2F 1-1: Ball 2-1: Ball 3-1: Fly out, F7 (Line Drive, 78M, EV 103.1 MPH)
|
| Bottom of the 9th over - 0 runs, 0 hits, 0 errors, 0 left on base; Corpus Christi 0 - Akron 0 |
| TOP OF THE 10TH |
|
Corpus Christi Hooks batting - Pitching for Akron RubberDucks : RHP Juan Flores
|
|
Batting: RHB Derek Moran
|
0-0: Foul Ball, location: 2F 0-1: Ball 1-1: Ball 2-1: Called Strike 2-2: Ball 3-2: Ground out 6-3 (Groundball, 6, EV 83.8 MPH)
|
|
Batting: RHB Joel Vazquez
|
0-0: Ball 1-0: Called Strike 1-1: Foul Ball, location: 2F 1-2: Strikes out swinging
|
|
Batting: RHB Ben Minge
|
0-0: Called Strike 0-1: Called Strike 0-2: Strikes out swinging
|
| Top of the 10th over - 0 runs, 0 hits, 0 errors, 0 left on base; Corpus Christi 0 - Akron 0 |
| BOTTOM OF THE 10TH |
|
Akron RubberDucks batting - Pitching for Corpus Christi Hooks : RHP Mike Wirick
|
|
Pitching: RHP Gerardo Huerta
|
|
|
Batting: SHB Valentin Laporte
|
0-0: Foul Ball, location: 2F 0-1: Foul Ball, location: 2F 0-2: Strikes out looking
|
|
Pinch Hitting: LHB Jesus Romero
|
0-0: Ball 1-0: Foul Ball, location: 2F 1-1: Fly out, F5 (Popup, 25F, EV 84.4 MPH)
|
|
Batting: LHB Esteban Cordova
|
0-0: Ball 1-0: SINGLE (Groundball, 34D, EV 101.2 MPH)
|
|
Pinch Runner at 1st Robby Dann:
|
|
|
Pinch Hitting: SHB Jarrod Lindblad
|
0-0: Swinging Strike 0-1: Ball Robby Dann steals 2nd base 1-1: SINGLE (Groundball, 56D, EV 100.6 MPH) Robby Dann to third Runner from 3rd tries for Home, SAFE, throw by LF to home
|
| Bottom of the 10th over - 1 run, 2 hits, 0 errors, 1 left on base; Corpus Christi 0 - Akron 1 |
|